[Event "Titled Tuesday Blitz November 14 Late 2023"]
[White "Degtiarev, Evgeny"]
[Black "Osmak, Yuliia"]
[WhiteFideId "4149610"]
[BlackFideId "14101602"]
[WhiteElo "2389"]
[BlackElo "2506"]
[Result "1-0"]
[Round "6"]
[TimeControl "180+1"]
[Date "2023.11.14"]
[WhiteClock "0:00:04"]
[BlackClock "0:00:00"]
[Board "78"]

1. d4 Nf6 2. c4 e6 3. Nc3 d5 4. Nf3 Bb4 5. cxd5 exd5 6. Bg5 c6 7. Rc1 h6 8. Bh4 Bf5 9. e3 Nbd7 10. Bd3 Bxd3 11. Qxd3 O-O 12. O-O Qa5 13. a3 Bxc3 14. Rxc3 Ne4 15. Rc2 f5 16. Bg3 Qa4 17. Ne5 Nxg3 18. hxg3 Nxe5 19. dxe5 Qe4 20. Qc3 Rae8 21. f4 Re6 22. Rd1 Qa4 23. b4 Rg6 24. Kf2 Kh7 25. Rd4 Qa6 26. Qc5 Re8 27. b5 cxb5 28. Qxd5 Qxa3 29. Qf7 Qe7 30. Qxf5 Qe6 31. Qe4 Kh8 32. Qxb7 Qg4 33. Qf3 Qf5 34. e4 Qf8 35. f5 Rb6 36. e6 b4 37. Rb2 Qc5 38. Qe3 a5 39. e5 Rb5 40. Re4 1-0


[Site "https://www.chess.com"]

[Event "Titled Tuesday Blitz November 14 Late 2023"]
[White "Ventura Bolet, Maxim"]
[Black "Esquivel Golcher, Luis Enrique"]
[WhiteFideId "22238824"]
[BlackFideId "6600174"]
[WhiteElo "2499"]
[BlackElo "2381"]
[Result "0-1"]
[Round "6"]
[TimeControl "180+1"]
[Date "2023.11.14"]
[WhiteClock "0:00:00"]
[BlackClock "0:00:16"]
[Board "79"]

1. e4 e6 2. Nf3 d5 3. e5 f5 4. exf6 Nxf6 5. d4 c5 6. c3 Nc6 7. Bd3 Bd6 8. O-O O-O 9. Re1 cxd4 10. cxd4 Bd7 11. Bg5 Qc7 12. Nc3 a6 13. Rc1 Ng4 14. h3 Bh2+ 15. Kf1 Nxf2 16. Kxf2 Qg3+ 17. Ke3 Rxf3+ 18. Qxf3 Qxg5+ 19. Kf2 Rf8 20. Bxh7+ Kxh7 21. Qxf8 Nxd4 22. Ne2 Nxe2 23. Kxe2 Qxg2+ 24. Kd1 Qxb2 25. Re2 Ba4+ 26. Rec2 Qd4+ 27. Ke1 Bg3+ 28. Kf1 Bxc2 29. Rxc2 Qd1+ 30. Kg2 Qxc2+ 31. Kxg3 Qd3+ 32. Kg2 Qe4+ 33. Kh2 e5 34. Qe7 Qf4+ 35. Kh1 d4 36. Qxb7 e4 0-1


[Site "https://www.chess.com"]

[Event "Titled Tuesday Blitz November 14 Late 2023"]
[White "Kanyamarala, Trisha"]
[Black "Fernandez Bustamante, Leancy B."]
[WhiteFideId "45004722"]
[BlackFideId "3523870"]
[WhiteElo "2496"]
[BlackElo "2380"]
[Result "1-0"]
[Round "6"]
[TimeControl "180+1"]
[Date "2023.11.14"]
[WhiteClock "0:00:59"]
[BlackClock "0:00:17"]
[Board "80"]

1. c4 c5 2. Nc3 d6 3. g3 Nc6 4. Bg2 Nf6 5. Nf3 g6 6. O-O Bg7 7. a3 O-O 8. Rb1 Bf5 9. d3 a6 10. b4 cxb4 11. axb4 Qc7 12. b5 Nd8 13. Bg5 e6 14. Nd4 Nd7 15. Nxf5 gxf5 16. Qc2 Nc5 17. Rfd1 Bxc3 18. Qxc3 e5 19. Bh6 Re8 20. d4 Nce6 21. dxe5 dxe5 22. Bd5 Rc8 23. Qf3 Nd4 24. Qh5 N8e6 25. e3 Qe7 26. exd4 Nxd4 27. Rxd4 exd4 28. Qxf5 Red8 29. Qg4+ 1-0


[Site "https://www.chess.com"]

[Event "Titled Tuesday Blitz November 14 Late 2023"]
[White "WindWhistler11"]
[Black "Golubenko, Valentina"]
[BlackFideId "4501993"]
[WhiteElo "2490"]
[BlackElo "2349"]
[Result "1-0"]
[Round "6"]
[TimeControl "180+1"]
[Date "2023.11.14"]
[WhiteClock "0:01:03"]
[BlackClock "0:00:11"]
[Board "81"]

1. Nf3 g6 2. g3 Bg7 3. Bg2 d5 4. O-O e5 5. d3 Nc6 6. Nbd2 Nge7 7. e4 O-O 8. Rb1 f5 9. b4 a6 10. a4 b5 11. c3 Be6 12. Ng5 Bc8 13. Qb3 bxa4 14. Qa2 Kh8 15. exd5 h6 16. Nh3 Nb8 17. d6 Nec6 18. dxc7 Qxc7 19. Qxa4 Bb7 20. Nc4 Nd7 21. b5 axb5 22. Qxb5 Rab8 23. Ba3 Ba8 24. Bxf8 Rxb5 25. Bxg7+ Kxg7 26. Rxb5 Na7 27. Rb4 Bxg2 28. Kxg2 f4 29. Rfb1 Qc6+ 30. f3 fxg3 31. hxg3 Nc5 32. Nf2 Nc8 33. Nxe5 Qd5 34. d4 Ne6 35. Rb7+ Kf6 36. Rf7+ Kg5 37. Ne4+ Kh5 38. Rh1# 1-0


[Site "https://www.chess.com"]

[Event "Titled Tuesday Blitz November 14 Late 2023"]
[White "MFatigue"]
[Black "chessjazda"]
[WhiteElo "2485"]
[BlackElo "2348"]
[Result "1-0"]
[Round "6"]
[TimeControl "180+1"]
[Date "2023.11.14"]
[WhiteClock "0:00:07"]
[BlackClock "0:00:03"]
[Board "82"]

1. e4 e5 2. Nf3 Nc6 3. d4 exd4 4. Bc4 Bc5 5. c3 d3 6. b4 Bb6 7. a4 a6 8. O-O Nge7 9. Ng5 Ne5 10. Bxd3 Nxd3 11. Qxd3 h6 12. Nf3 O-O 13. c4 d6 14. Bb2 Bg4 15. Nbd2 Qd7 16. h3 Bxf3 17. Nxf3 Ng6 18. c5 Ba7 19. cxd6 Qxd6 20. Qxd6 cxd6 21. Rad1 Rad8 22. Rd2 Rfe8 23. Re1 Ne5 24. Nxe5 dxe5 25. Red1 Rxd2 26. Rxd2 Re7 27. Kf1 f6 28. Ke2 Kf7 29. f3 Ke6 30. Rd8 Rd7 31. Rg8 Bb6 32. h4 Bd8 33. h5 Be7 34. Bc3 Rc7 35. Kd3 Rd7+ 36. Kc2 Rc7 37. Kb3 Rd7 38. Rxg7 Rd3 39. Kc4 Rd7 40. Rg6 Bf8 41. b5 Rc7+ 42. Kd3 Kf7 43. Ba5 Rc1 44. Bd2 Rh1 45. Bxh6 Rxh5 46. Rxf6+ Kxf6 47. Bxf8 Rh2 48. g4 Ra2 49. bxa6 bxa6 50. Ke3 Rxa4 51. f4 exf4+ 52. Kxf4 Kf7 53. Bc5 Rc4 54. Bd6 a5 55. Kf5 a4 56. g5 Rc3 57. g6+ Kg8 58. e5 a3 59. e6 a2 60. e7 Rc8 61. Be5 Re8 62. Ke6 Ra8 63. Kd7 Ra7+ 64. Bc7 Ra8 65. Bd8 a1=Q 66. e8=Q+ Kg7 67. Qf7+ Kh6 68. Qh7# 1-0


[Site "https://www.chess.com"]

[Event "Titled Tuesday Blitz November 14 Late 2023"]
[White "YouShallNotPass001"]
[Black "Silvestre, Christian"]
[BlackFideId "30956269"]
[WhiteElo "2483"]
[BlackElo "2250"]
[Result "0-1"]
[Round "6"]
[TimeControl "180+1"]
[Date "2023.11.14"]
[WhiteClock "0:00:10"]
[BlackClock "0:00:30"]
[Board "83"]

1. Nf3 Nf6 2. e3 b6 3. Be2 Bb7 4. O-O e6 5. d4 Be7 6. c4 O-O 7. Nc3 c5 8. a3 cxd4 9. exd4 d6 10. b4 a6 11. h3 Nbd7 12. Be3 Rc8 13. Rc1 Qc7 14. d5 e5 15. a4 Rfe8 16. Ra1 Bf8 17. Ra3 g6 18. Nd2 Bg7 19. a5 bxa5 20. Rxa5 Nb6 21. Qb3 Nfd7 22. Rfa1 f5 23. b5 Nc5 24. Bxc5 dxc5 25. bxa6 Ba8 26. Rb5 Nd7 27. a7 e4 28. Nf1 f4 29. Bg4 h5 30. Be6+ Kh7 31. Ra6 e3 32. fxe3 fxe3 33. Ne2 Bd4 34. Qd3 Ne5 35. Qe4 Nxc4 36. Nfg3 Nd6 37. Rxd6 Qxd6 38. Nxh5 Rxe6 39. Qxe6 Qxe6 40. dxe6 Be5 41. Nhf4 Be4 42. e7 Re8 43. Ra5 Rxe7 44. a8=Q Bxa8 45. Rxa8 Bxf4 46. Nxf4 e2 47. Nxe2 Rxe2 48. Rc8 Rc2 49. Kf1 c4 50. Kg1 Kh6 51. Kh2 Kg5 52. Kg3 Rc3+ 53. Kf2 Kf5 54. Rc5+ Kf4 55. Rc6 g5 56. Rc8 Kf5 57. Rc5+ Kg6 58. Rc6+ Kh5 59. Rc5 Kg6 60. Rc6+ Kf5 61. Rc5+ Kf4 62. Rc8 Rc2+ 63. Kg1 Kg3 64. Rc5 Rc1# 0-1


[Site "https://www.chess.com"]

[Event "Titled Tuesday Blitz November 14 Late 2023"]
[White "TheAlienParty"]
[Black "Willy, Stephen"]
[BlackFideId "30981468"]
[WhiteElo "2375"]
[BlackElo "2466"]
[Result "1/2-1/2"]
[Round "6"]
[TimeControl "180+1"]
[Date "2023.11.14"]
[WhiteClock "0:00:17"]
[BlackClock "0:00:00"]
[Board "84"]

1. c4 e5 2. Nc3 c6 3. d4 exd4 4. Qxd4 Nf6 5. g3 d5 6. Bg2 Be7 7. Bf4 c5 8. Qd2 d4 9. Nb5 Na6 10. Nf3 Nh5 11. O-O O-O 12. Rad1 Nxf4 13. Qxf4 Qb6 14. e3 Be6 15. b3 dxe3 16. fxe3 Nb4 17. Rf2 Rad8 18. Rfd2 Rxd2 19. Rxd2 a6 20. Nc3 Rd8 21. e4 Rxd2 22. Qxd2 Qd6 23. Nd5 Nc6 24. Qf4 h6 25. Kf2 Qd8 26. Nxe7+ Qxe7 27. Ne5 Nd4 28. Nd3 Nc6 29. h3 Nb4 30. Nxb4 cxb4 31. e5 Qd8 32. Qe3 Qa5 33. Qd2 Qxe5 34. Qd8+ Kh7 35. Qd3+ Bf5 36. Qe2 Qxe2+ 37. Kxe2 Bb1 38. Bxb7 Bxa2 39. Bxa6 Bxb3 40. c5 Bd5 41. Bb5 b3 42. Kd2 Kg6 43. c6 Kf6 44. c7 Be6 45. Ba6 Bxh3 46. c8=Q Bxc8 47. Bxc8 Ke5 48. Kc3 Ke4 49. Bb7+ Kf5 50. Bf3 g5 51. Kxb3 Kg6 52. Kc4 f5 53. Kd5 h5 54. Ke5 h4 55. gxh4 gxh4 56. Kf4 Kf6 57. Bh1 Kg6 58. Bg2 Kf6 59. Bh3 Kg6 60. Bxf5+ Kf6 61. Bh3 1/2-1/2


[Site "https://www.chess.com"]

[Event "Titled Tuesday Blitz November 14 Late 2023"]
[White "Aarakan, J"]
[Black "Grossboss19"]
[WhiteFideId "9946276"]
[WhiteElo "2244"]
[BlackElo "2459"]
[Result "0-1"]
[Round "6"]
[TimeControl "180+1"]
[Date "2023.11.14"]
[WhiteClock "0:00:19"]
[BlackClock "0:00:09"]
[Board "85"]

1. e4 c6 2. Nc3 d5 3. Qf3 e6 4. e5 Nd7 5. Qg3 f6 6. f4 Ne7 7. Nf3 Ng6 8. d4 Bb4 9. Bd3 f5 10. O-O O-O 11. Bd2 c5 12. a3 Ba5 13. Ng5 cxd4 14. Nxe6 Qb6 15. Na4 Qxe6 16. Bxa5 b6 17. Bd2 Nc5 18. b4 Nxd3 19. cxd3 Qc6 20. Nb2 Qc2 21. Bc1 Ba6 22. Qf2 Rac8 23. a4 Bxd3 24. Nxd3 Qxd3 25. Ra2 Qc4 26. Rd2 d3 27. Qe3 Qxb4 28. Qxd3 Qc5+ 29. Qd4 Qxd4+ 30. Rxd4 Rfd8 31. Rfd1 Kf7 32. Ba3 Ke6 33. Bd6 Ne7 34. Kf2 Rc2+ 35. R1d2 Rxd2+ 36. Rxd2 Rc8 37. Bxe7 Kxe7 38. Rxd5 Rc4 39. a5 Rxf4+ 40. Kg3 Rg4+ 41. Kf3 Rb4 42. axb6 axb6 43. Ke3 Ke6 44. Rd3 Kxe5 45. Rd8 Rb3+ 46. Kf2 Kf6 47. h3 Kg6 48. Rd6+ Kf7 49. Rc6 h6 50. Ke2 Kg8 51. Kf2 Kh7 52. Ke2 h5 53. Kf2 g6 54. Ke2 h4 55. Kf2 Kh6 56. Ke2 Kg5 57. Kf2 b5 58. Rb6 b4 59. Ke2 Rb2+ 60. Kf3 b3 61. Rb4 Rb1 62. Kf2 Kf6 63. Rxh4 Ke5 64. Rb4 f4 65. Rb5+ Kd4 66. Rb4+ Kc3 67. Rxf4 b2 68. Rf8 Ra1 69. Rc8+ Kd4 70. Rd8+ Ke5 71. Rb8 b1=Q 72. Rxb1 Rxb1 73. Kg3 Kf6 0-1


[Site "https://www.chess.com"]

[Event "Titled Tuesday Blitz November 14 Late 2023"]
[White "Kovalevsky, Stanislav"]
[Black "Tristan, Leonardo"]
[WhiteFideId "13508598"]
[BlackFideId "113816"]
[WhiteElo "2447"]
[BlackElo "2692"]
[Result "0-1"]
[Round "6"]
[TimeControl "180+1"]
[Date "2023.11.14"]
[WhiteClock "0:00:25"]
[BlackClock "0:01:29"]
[Board "86"]

1. e4 d5 2. exd5 Qxd5 3. Nf3 Bg4 4. Be2 Nc6 5. d4 O-O-O 6. c3 e5 7. Be3 exd4 8. Nxd4 Bxe2 9. Qxe2 Qxg2 10. Rf1 Ne5 11. Nd2 c5 12. Nb5 Nd3+ 13. Kd1 a6 14. Na3 Nf6 15. Kc2 Qg6 16. Kb3 b5 17. c4 Nb4 18. cxb5 Rd3+ 19. Ka4 axb5+ 20. Nxb5 Nfd5 21. Na7+ Kb7 22. Bxc5 Qa6# 0-1


[Site "https://www.chess.com"]

[Event "Titled Tuesday Blitz November 14 Late 2023"]
[White "Sanchez Alvares, Kelvin Antonio"]
[Black "Kostiukov, Alexandr"]
[WhiteFideId "3906680"]
[BlackFideId "14108100"]
[WhiteElo "2569"]
[BlackElo "2438"]
[Result "1/2-1/2"]
[Round "6"]
[TimeControl "180+1"]
[Date "2023.11.14"]
[WhiteClock "0:00:07"]
[BlackClock "0:00:08"]
[Board "87"]

1. e4 c5 2. Nf3 g6 3. d4 cxd4 4. Nxd4 Bg7 5. Nc3 Nc6 6. Nb3 Nf6 7. Bd3 O-O 8. O-O d5 9. exd5 Nxd5 10. Nxd5 Qxd5 11. c4 Qd6 12. Be2 Rd8 13. Qxd6 Rxd6 14. Bf3 Nd4 15. Nxd4 Bxd4 16. Bf4 e5 17. Bh6 Be6 18. Rac1 Rb8 19. b3 f5 20. c5 Ra6 21. Rc2 e4 22. Be2 Rc6 23. b4 a6 24. Rfc1 Kf7 25. Be3 Rd8 26. a4 Bxe3 27. fxe3 Bb3 28. Bc4+ Bxc4 29. Rxc4 Rd3 30. R1c3 Rxc3 31. Rxc3 Ke6 32. Rc4 Kd5 33. Rd4+ Ke6 34. a5 Rc7 35. Rd8 Rd7 36. Rb8 Kd5 37. Kf2 Kc4 38. Ke2 Rc7 39. c6 bxc6 40. Rb6 Kb3 41. g3 Ka4 42. Kd2 c5 43. bxc5 Rxc5 44. Rxa6 Rxa5 45. Re6 Rd5+ 46. Ke2 Rd7 47. g4 fxg4 48. Rxe4+ Kb5 49. Rxg4 Kc5 50. Rg5+ Kd6 51. Kf3 Ke6 52. h4 Rf7+ 53. Kg4 Rf1 54. Ra5 Rg1+ 55. Kf4 Kf6 56. Ra6+ Kg7 57. e4 Rh1 58. Kg4 Rg1+ 59. Kf4 Rh1 60. Kg3 Rg1+ 61. Kf3 Rf1+ 62. Kg4 Rg1+ 63. Kh3 Re1 64. Ra4 Kf6 65. Kg4 h5+ 66. Kf4 Rf1+ 67. Ke3 Rh1 68. Ra6+ Ke5 69. Ra5+ Kf6 70. Ra6+ Ke5 71. Rxg6 Rh3+ 72. Kf2 Rxh4 73. Kf3 Rf4+ 74. Kg3 Rg4+ 75. Rxg4 hxg4 76. Kxg4 Kxe4 1/2-1/2


[Site "https://www.chess.com"]

[Event "Titled Tuesday Blitz November 14 Late 2023"]
[White "Weisz, Bryan"]
[Black "Santos Flores, Alberto"]
[WhiteFideId "30934133"]
[BlackFideId "3601234"]
[WhiteElo "2434"]
[BlackElo "2562"]
[Result "0-1"]
[Round "6"]
[TimeControl "180+1"]
[Date "2023.11.14"]
[WhiteClock "0:00:34"]
[BlackClock "0:01:33"]
[Board "88"]

1. c3 d5 2. e4 Nf6 3. e5 Nfd7 4. d4 e6 5. f4 c5 6. Nf3 Nc6 7. a3 a5 8. c4 cxd4 9. cxd5 exd5 10. Nxd4 Nc5 11. Nc3 Be7 12. Bb5 Bd7 13. Nxd5 Nxd4 14. Bxd7+ Qxd7 15. Nb6 Qc6 16. Nxa8 Qxg2 17. Qxd4 Qxh1+ 18. Ke2 O-O 19. Nc7 Nb3 20. Qc4 Nxa1 21. Be3 Qg2+ 22. Bf2 Bh4 23. Qd4 Nb3 24. Qe3 Qxf2+ 25. Qxf2 Bxf2 26. Kxf2 Rc8 27. Nd5 Rc2+ 28. Kf3 Rxb2 29. f5 Nc5 30. Ne3 Rxh2 31. Nc4 a4 32. Nd6 Ra2 33. Ke3 Rxa3+ 34. Kd4 Nd7 35. e6 fxe6 36. fxe6 Nf6 37. e7 Ra1 38. Ne4 Kf7 0-1


[Site "https://www.chess.com"]

[Event "Titled Tuesday Blitz November 14 Late 2023"]
[White "Mazurkiewicz, Michal"]
[Black "Tikhonov, Viacheslav"]
[WhiteFideId "1124943"]
[BlackFideId "44196407"]
[WhiteElo "2426"]
[BlackElo "2560"]
[Result "1-0"]
[Round "6"]
[TimeControl "180+1"]
[Date "2023.11.14"]
[WhiteClock "0:00:10"]
[BlackClock "0:00:00"]
[Board "89"]

1. e4 c5 2. Nf3 g6 3. g3 Bg7 4. Bg2 Nc6 5. O-O Nf6 6. d3 O-O 7. Re1 d5 8. e5 Ng4 9. Bf4 f6 10. exf6 exf6 11. c3 Nge5 12. d4 Nxf3+ 13. Qxf3 cxd4 14. Qxd5+ Qxd5 15. Bxd5+ Kh8 16. Bxc6 dxc3 17. Nxc3 bxc6 18. f3 Bf5 19. Rad1 g5 20. Bd6 Rfd8 21. Ne4 Bxe4 22. fxe4 Rd7 23. Bb4 Rad8 24. Rxd7 Rxd7 25. Bc3 g4 26. Kf2 Kg8 27. Ke2 Kf7 28. Rf1 Kg6 29. Rf5 h5 30. Rc5 Rd6 31. Ra5 Rd7 32. Ra6 Rc7 33. Kd3 Bf8 34. Kc4 f5 35. e5 Kg5 36. e6 f4 37. Bd2 1-0


[Site "https://www.chess.com"]

[Event "Titled Tuesday Blitz November 14 Late 2023"]
[White "Buchenau, Frank"]
[Black "The_Straightforward_Rook"]
[WhiteFideId "4604350"]
[WhiteElo "2420"]
[BlackElo "2557"]
[Result "0-1"]
[Round "6"]
[TimeControl "180+1"]
[Date "2023.11.14"]
[WhiteClock "0:00:01"]
[BlackClock "0:01:42"]
[Board "90"]

1. e4 c6 2. Nf3 d5 3. Nc3 dxe4 4. Nxe4 Nf6 5. Ng3 g6 6. d4 Bg7 7. Bd3 Bg4 8. c3 Nbd7 9. h3 Bxf3 10. Qxf3 O-O 11. O-O e5 12. Re1 Re8 13. Bg5 h6 14. Bd2 exd4 15. cxd4 Nd5 16. Rxe8+ Qxe8 17. Re1 Qf8 18. Ne2 Re8 19. a3 N7f6 20. Nc3 Rxe1+ 21. Bxe1 Qe7 22. Bd2 Qe6 23. Na4 Nd7 24. Qe2 Qxe2 25. Bxe2 Bxd4 26. Bxh6 b5 27. Nc3 Nxc3 28. bxc3 Bxc3 29. Be3 a5 30. Kf1 b4 31. axb4 axb4 32. Bc4 Kf8 33. Ke2 Ke7 34. h4 f6 35. g4 Ne5 36. Bd3 Nxd3 37. Kxd3 f5 38. Bc5+ Ke6 39. gxf5+ Kxf5 40. Kc4 Kg4 41. Be7 Kf3 42. Bc5 Be1 43. Bxb4 Bxb4 44. Kxb4 Kxf2 45. Kc5 Kg3 46. Kxc6 Kxh4 47. Kd5 g5 0-1


[Site "https://www.chess.com"]

[Event "Titled Tuesday Blitz November 14 Late 2023"]
[White "Su, Dion"]
[Black "Shapiro, Viktor"]
[WhiteFideId "2029731"]
[BlackFideId "4175700"]
[WhiteElo "2410"]
[BlackElo "2549"]
[Result "0-1"]
[Round "6"]
[TimeControl "180+1"]
[Date "2023.11.14"]
[WhiteClock "0:00:05"]
[BlackClock "0:00:20"]
[Board "91"]

1. e4 Nf6 2. e5 Nd5 3. d4 d6 4. c4 Nb6 5. f4 dxe5 6. fxe5 c5 7. d5 g6 8. Nf3 Bg4 9. h3 Bxf3 10. Qxf3 Bg7 11. Bf4 O-O 12. Nc3 e6 13. O-O-O exd5 14. cxd5 N8d7 15. e6 Ne5 16. Qe3 Nec4 17. Bxc4 Nxc4 18. Qd3 b5 19. Rhf1 Nxb2 20. Kxb2 b4 21. Qe4 Bxc3+ 22. Kc2 Qa5 23. Qc4 Rae8 24. Bd6 Qa4+ 25. Qb3 Qa6 26. Bxf8 Rxf8 27. exf7+ Kg7 28. d6 c4 29. Qb1 Qa4+ 30. Kc1 b3 31. axb3 cxb3 32. Rd3 Qc4 33. Kd1 a5 34. d7 a4 35. d8=Q Rxd8 36. f8=Q+ Rxf8 37. Rxf8 Kxf8 38. Rf3+ Kg7 39. Qd3 Qxd3+ 40. Rxd3 a3 41. Rxc3 a2 42. Rc7+ Kh6 43. Ra7 b2 0-1


[Site "https://www.chess.com"]

[Event "Titled Tuesday Blitz November 14 Late 2023"]
[White "Mushini Ajay"]
[Black "Cervantes Landeiro, Thalia"]
[WhiteFideId "35066188"]
[BlackFideId "3520498"]
[WhiteElo "2407"]
[BlackElo "2537"]
[Result "0-1"]
[Round "6"]
[TimeControl "180+1"]
[Date "2023.11.14"]
[WhiteClock "0:01:25"]
[BlackClock "0:01:46"]
[Board "92"]

1. e4 c5 2. d4 cxd4 3. c3 dxc3 4. Nxc3 Nc6 5. Nf3 e6 6. Bc4 Nge7 7. O-O Ng6 8. Qe2 Be7 9. e5 O-O 10. Rd1 a6 11. a3 Qc7 12. Re1 Ncxe5 13. Nxe5 Nxe5 14. Bb3 Ng6 15. Be3 d5 16. Rac1 Qd8 17. Na4 Bd7 18. Nb6 Rb8 19. g3 Bc6 20. h4 d4 21. h5 Ne5 22. Bf4 Nf3+ 23. Kf1 Qxb6 0-1


[Site "https://www.chess.com"]

[Event "Titled Tuesday Blitz November 14 Late 2023"]
[White "Hoffmann, Asa"]
[Black "Ongut, Tamas Gunes"]
[WhiteFideId "2001470"]
[BlackFideId "770280"]
[WhiteElo "2405"]
[BlackElo "2528"]
[Result "0-1"]
[Round "6"]
[TimeControl "180+1"]
[Date "2023.11.14"]
[WhiteClock "0:00:00"]
[BlackClock "0:00:25"]
[Board "93"]

1. d4 Nf6 2. Bg5 Ne4 3. Bf4 c5 4. f3 Nf6 5. dxc5 Qa5+ 6. Nc3 Qxc5 7. e4 d6 8. Qd2 a6 9. g4 Nc6 10. g5 Nd7 11. Nd5 Nce5 12. Be3 Qc6 13. b3 e6 14. Nb4 Qc7 15. f4 Ng4 16. Bd4 a5 17. Nd3 e5 18. Bb2 exf4 19. Nxf4 Nde5 20. Nd5 Qd8 21. h3 Be7 22. hxg4 Bxg5 23. Bb5+ Kf8 24. Qg2 Bh4+ 25. Kd1 Bg5 26. Bxe5 dxe5 27. Nf3 Be6 28. Be2 Bxd5 29. exd5 Qxd5+ 30. Ke1 Bf4 31. Rd1 Qc5 32. c4 a4 33. Rf1 axb3 34. axb3 h5 35. g5 h4 36. Nd2 Bg3+ 37. Rf2 Qe3 38. Ne4 Bxf2+ 39. Nxf2 h3 40. Qf3 Qxg5 41. Qxb7 Re8 42. Qb4+ Kg8 43. Qd2 Qg1+ 44. Bf1 e4 45. Qf4 e3 0-1


[Site "https://www.chess.com"]

[Event "Titled Tuesday Blitz November 14 Late 2023"]
[White "Jaskolka, Tomasz"]
[Black "Kujawski, Adam"]
[WhiteFideId "1170791"]
[BlackFideId "1100920"]
[WhiteElo "2527"]
[BlackElo "2403"]
[Result "1-0"]
[Round "6"]
[TimeControl "180+1"]
[Date "2023.11.14"]
[WhiteClock "0:01:20"]
[BlackClock "0:00:00"]
[Board "94"]

1. d4 Nf6 2. Nc3 d5 3. Bf4 a6 4. e3 Nbd7 5. Nf3 c5 6. Be2 e6 7. O-O Be7 8. a3 O-O 9. h3 c4 10. a4 Re8 11. Qd2 Nf8 12. Ne5 Ng6 13. Nxg6 hxg6 14. e4 Bb4 15. e5 Ne4 16. Qe3 Bxc3 17. bxc3 g5 18. Bh2 Qa5 19. Ra3 f5 20. exf6 e5 21. Bxe5 gxf6 22. Bxf6 Nxf6 23. Qxg5+ Kf7 24. Bxc4 Be6 25. Bd3 Qc7 26. Qg6+ Ke7 27. Qg7+ Kd6 28. Qxf6 Qe7 29. Qe5+ Kc6 30. Rb3 Rab8 31. Rfb1 b5 32. axb5+ 1-0


[Site "https://www.chess.com"]

[Event "Titled Tuesday Blitz November 14 Late 2023"]
[White "RodokininEV"]
[Black "Kubatko, Ivan"]
[BlackFideId "24111473"]
[WhiteElo "2515"]
[BlackElo "2402"]
[Result "0-1"]
[Round "6"]
[TimeControl "180+1"]
[Date "2023.11.14"]
[WhiteClock "0:00:00"]
[BlackClock "0:00:02"]
[Board "95"]

1. d4 d5 2. c4 e6 3. Nc3 c5 4. cxd5 cxd4 5. Qa4+ Bd7 6. Qxd4 exd5 7. Qxd5 Nf6 8. Qd1 Nc6 9. e3 Bc5 10. Nf3 Qe7 11. Be2 O-O-O 12. Qc2 Kb8 13. a3 g5 14. b4 Bb6 15. Na4 Bc7 16. Nc5 Bc8 17. O-O g4 18. Nd4 Qe5 19. Nxc6+ bxc6 20. g3 Qxa1 21. Bb2 Qa2 22. Bc4 Bf5 23. Qc1 Qb1 24. Qxb1 Bxb1 25. Bxf6 Bf5 26. Bxh8 Rxh8 27. Rd1 f6 28. Be6 Bxe6 29. Nxe6 Be5 30. Rd7 h5 31. a4 h4 32. Rd8+ Rxd8 33. Nxd8 Kc7 34. Nf7 hxg3 35. hxg3 Bc3 36. b5 cxb5 37. axb5 Kb6 38. Kf1 Kxb5 39. Ke2 a5 40. Kd1 a4 41. Kc2 Be1 42. e4 Bxf2 43. Nd6+ Kc6 44. Ne8 Bd4 45. Ng7 Bf2 46. Nf5 Bc5 47. Kb2 Bd6 48. Ka2 Bc5 0-1


[Site "https://www.chess.com"]

[Event "Titled Tuesday Blitz November 14 Late 2023"]
[White "topce"]
[Black "Marchesich, Giovanni"]
[BlackFideId "2824790"]
[WhiteElo "2515"]
[BlackElo "2400"]
[Result "1/2-1/2"]
[Round "6"]
[TimeControl "180+1"]
[Date "2023.11.14"]
[WhiteClock "0:00:26"]
[BlackClock "0:00:05"]
[Board "96"]

1. c4 b6 2. Nc3 Bb7 3. a3 e5 4. e3 f5 5. d4 exd4 6. exd4 Nf6 7. d5 Bd6 8. Bd3 O-O 9. Bxf5 Qe8+ 10. Qe2 Qf7 11. Be3 Na6 12. Nf3 Rae8 13. Ng5 Qe7 14. Qc2 g6 15. Bxg6 hxg6 16. Qxg6+ Qg7 17. Qxg7+ Kxg7 18. O-O-O Ng4 19. Bd4+ Kg8 20. Nge4 Nc5 21. Nxd6 cxd6 22. f3 Ne3 23. Bxe3 Rxe3 24. Kc2 Ba6 25. b3 Rfe8 26. Rd2 b5 27. cxb5 Bc8 28. a4 a5 29. Rhd1 Bb7 30. Rd4 Rc8 31. Kb2 Nxb3 32. Rg4+ Kf7 33. Rf4+ Kg7 34. Rg4+ Kh7 35. Rh4+ Kg7 36. Rg4+ Kh7 37. Ne4 Nc5 38. Ng5+ Kh6 39. Rdd4 Nd3+ 40. Rxd3 Rxd3 41. Nf7+ Kh7 42. Nxd6 Rcc3 43. Nxb7 Rb3+ 44. Kc2 Rbc3+ 45. Kb2 Rb3+ 46. Kc2 Rbc3+ 47. Kb2 1/2-1/2


[Site "https://www.chess.com"]

[Event "Titled Tuesday Blitz November 14 Late 2023"]
[White "Balla, Tamas-Kristof"]
[Black "Kovacsy, Barnabas"]
[WhiteFideId "1208497"]
[BlackFideId "769290"]
[WhiteElo "2384"]
[BlackElo "2513"]
[Result "0-1"]
[Round "6"]
[TimeControl "180+1"]
[Date "2023.11.14"]
[WhiteClock "0:00:15"]
[BlackClock "0:00:27"]
[Board "97"]

1. e4 c5 2. c3 d5 3. exd5 Qxd5 4. d4 Nf6 5. Nf3 e6 6. Be3 cxd4 7. cxd4 Nc6 8. Nc3 Qd8 9. Bd3 Be7 10. O-O O-O 11. Qe2 b6 12. Rad1 Bb7 13. Bb1 Nb4 14. Rfe1 Nbd5 15. Ne5 Rc8 16. Qd3 Nxc3 17. bxc3 Be4 18. Qd2 Bxb1 19. Rxb1 Ne4 20. Qd3 Nxc3 21. Rbc1 Nd5 22. Nf3 Bf6 23. Rxc8 Qxc8 24. Bg5 Qd8 25. Bxf6 Qxf6 26. Rc1 Qg6 27. Qd2 h6 28. Ne5 Qe4 29. Re1 Qf4 30. Qd3 Rc8 31. h3 Rc1 32. Rxc1 Qxc1+ 33. Kh2 Qc7 34. Kg1 Qc3 35. Qe4 Qd2 36. Qh4 Qc1+ 37. Kh2 Qf4+ 38. Qxf4 Nxf4 39. Nc6 a5 40. Ne5 Nd5 41. Nc4 Kf8 42. Kg3 Ke7 43. Kf3 f6 44. a3 Kd7 45. Ke4 Kc6 46. g3 Nc3+ 47. Kd3 Nb5 48. f4 Nd6 49. Ne3 Nf5 50. g4 Nxe3 51. Kxe3 Kd5 52. h4 g5 53. hxg5 hxg5 54. fxg5 fxg5 55. Kd3 b5 56. Kc3 b4+ 57. axb4 axb4+ 58. Kxb4 Kxd4 59. Kb5 e5 60. Kc6 e4 0-1


[Site "https://www.chess.com"]

[Event "Titled Tuesday Blitz November 14 Late 2023"]
[White "Huda, Maryana"]
[Black "jactorres"]
[WhiteFideId "14116553"]
[WhiteElo "2366"]
[BlackElo "2509"]
[Result "0-1"]
[Round "6"]
[TimeControl "180+1"]
[Date "2023.11.14"]
[WhiteClock "0:00:00"]
[BlackClock "0:00:37"]
[Board "98"]

1. d4 Nf6 2. Nf3 e6 3. c4 d5 4. Nc3 Be7 5. Bg5 O-O 6. e3 h6 7. Bh4 b6 8. Bd3 Bb7 9. O-O c5 10. cxd5 cxd4 11. exd4 Nxd5 12. Bxe7 Qxe7 13. Re1 Rd8 14. Be4 Nf6 15. Bxb7 Qxb7 16. Qe2 Nc6 17. Rad1 Ne7 18. Ne5 Ned5 19. a3 Rac8 20. Qf3 b5 21. Ne4 Nxe4 22. Qxe4 b4 23. axb4 Qxb4 24. Nxf7 Kxf7 25. Qxe6+ Kf8 26. Re5 Qd6 27. Qf5+ Nf6 28. Rde1 Qxd4 29. h3 Rc7 30. Qf3 Kg8 31. Qb3+ Qc4 32. Qg3 Rf7 33. R1e3 Rdf8 34. Rc3 Qa2 35. Kh2 Nd7 36. Re2 Qa6 0-1


[Site "https://www.chess.com"]

[Event "Titled Tuesday Blitz November 14 Late 2023"]
[White "HeroRubiksCube"]
[Black "Skaric, Djuro"]
[BlackFideId "934569"]
[WhiteElo "2507"]
[BlackElo "2364"]
[Result "0-1"]
[Round "6"]
[TimeControl "180+1"]
[Date "2023.11.14"]
[WhiteClock "0:00:51"]
[BlackClock "0:01:45"]
[Board "99"]

1. d4 d6 2. g3 g6 3. Bg2 Bg7 4. Nf3 Nf6 5. O-O O-O 6. Nbd2 Nc6 7. c3 e5 8. dxe5 dxe5 9. e4 h6 10. Qc2 Be6 11. Rd1 Qe7 12. Nf1 Nd7 13. Be3 f5 14. exf5 gxf5 15. Nh4 Qf6 16. Bd5 Bxd5 17. Rxd5 Rf7 18. Nxf5 Nb6 19. Bxb6 axb6 20. N1e3 Bf8 21. a3 Ne7 22. Nxe7+ Bxe7 23. Rad1 Bc5 24. Ng4 Qg5 25. Qe2 h5 26. Ne3 Raf8 27. b4 Rxf2 28. Qxf2 Rxf2 29. Rd8+ Rf8 0-1


[Site "https://www.chess.com"]